Knights vs Scraper
(R1)
Created - 16 septembre 2014 at 19:24
Simulating a Pre-Season
Goals
|
| Knights |
0 |
1 |
2 |
3 |
| Scraper |
1 |
3 |
1 |
5 |
|
Shots
|
| Knights |
10 |
15 |
6 |
31 |
| Scraper |
8 |
16 |
6 |
30 |
|
1st period
1. Scraper , Eric Godard 2 (Joe Finley, Ben Eager) at 19:38
Penalties :
Valeri Bure (Out) for Holding (Minor) at 12:10, Colton Gillies (Lon) for Cross-checking (Minor) at 17:01
2nd period
2. Scraper , Riley Armstrong 5 (Paul Ranger, Valeri Bure) at 0:54 (PP)
3. Scraper , Ben Eager 1 (Riley Armstrong, Valeri Bure) at 7:03
4. Knights , Garnet Exelby 1 (Colton Gillies) at 7:56
5. Scraper , Valeri Bure 1 (Paul Ranger, Riley Armstrong) at 12:53
Penalties :
Eric Fehr (Lon) for Interference (Minor) at 0:15, Garnet Exelby (Lon) for Interference (Minor) at 13:55, Joe Finley (Out) for Holding (Minor) at 18:33
3rd period
6. Knights , Kyle Greentree 1 (Nicklas Grossman) at 3:45
7. Knights , Tomas Kundratek 1 (Danny Irmen, A.J. Jenks) at 9:36
8. Scraper , Martin Hanzal 3 (Alexander Radulov, Riley Armstrong) at 19:09
Penalties :
Joe Finley (Out) for Cross-checking (Minor) at 13:19
Goalie Stats
Jean-Francois Berube (Lon), 25 saves from 30 shots - (0,833), L, 0-2-0, 60:00 minutes
Maxime Ouellet (Out), 28 saves from 31 shots - (0,903), W, 3-4-0, 60:00 minutes
Players Stats for Knights
Player Name G A P +/- PIM S H SB GA TA FO MP PP MP PK MP
------------------------------------------------------------------------------------
A.J. Jenks 0 1 1 0 0 1 0 0 0 0 0/0 8:38 0:00 0:00
Carter Ashton 0 0 0 0 0 0 1 0 0 0 0/0 9:03 0:13 0:00
Colton Gillies 0 1 1 0 2 0 0 1 0 0 0/0 11:51 0:13 0:00
Danny Irmen 0 1 1 -1 0 5 0 0 0 0 0/2 10:45 0:00 1:29
Eric Fehr 0 0 0 -2 2 3 1 1 1 0 1/1 19:17 2:27 0:00
Eric Gelinas 0 0 0 0 0 0 1 1 0 0 0/0 25:34 3:08 2:03
Garnet Exelby 1 0 1 1 2 4 1 1 1 0 0/0 21:59 2:49 1:41
Gustav Nyquist 0 0 0 1 0 1 3 1 0 0 1/1 14:46 3:17 0:44
James Wright 0 0 0 1 0 0 1 1 0 0 4/8 15:38 2:27 2:24
Joe Colborne 0 0 0 1 0 1 2 0 0 1 4/10 13:10 0:00 0:00
Kyle Greentree 1 0 1 1 0 3 7 1 0 0 2/2 15:29 0:13 2:27
Marco Scandella 0 0 0 0 0 3 2 0 0 0 0/0 22:17 3:08 2:55
Mats Zuccarello 0 0 0 -2 0 3 0 0 1 0 1/3 20:22 3:17 0:50
Nick Palmieri 0 0 0 0 0 2 1 1 0 0 0/1 17:02 2:27 1:20
Nicklas Grossman 0 1 1 0 0 1 0 2 0 0 0/0 18:33 0:00 0:53
Nikita Nikitin 0 0 0 -1 0 0 2 0 0 0 0/0 13:12 0:00 0:02
Tomas Kundratek 1 0 1 -2 0 2 1 3 1 2 0/0 18:25 2:49 1:40
Zack Hamill 0 0 0 -2 0 2 0 1 1 0 19/28 19:19 3:17 0:00
Players Stats for Scraper
Player Name G A P +/- PIM S H SB GA TA FO MP PP MP PK MP
------------------------------------------------------------------------------------
Alexander Radulov 0 1 1 0 0 3 0 1 1 0 2/5 24:33 2:10 3:15
Ben Eager 1 1 2 2 0 5 2 0 0 0 0/0 16:58 0:03 1:11
Daniel Winnik 0 0 0 -1 0 1 2 1 1 0 0/0 14:50 2:09 0:00
Derek Joslin 0 0 0 -2 0 3 0 1 0 0 0/0 21:50 1:37 2:59
Eric Godard 1 0 1 0 0 1 0 0 0 1 1/1 15:39 0:03 1:41
Eric Gryba 0 0 0 0 0 0 0 0 0 0 0/0 0:13 0:00 0:00
Eric Knodel 0 0 0 0 0 0 0 0 0 0 0/0 0:00 0:00 0:00
Evander Kane 0 0 0 0 0 2 2 2 0 1 0/2 16:14 2:25 0:00
Ilkka Heikkinen 0 0 0 2 0 0 0 1 0 0 0/0 13:07 1:37 0:00
Jared Cowen 0 0 0 1 0 0 0 1 0 1 0/0 23:24 0:00 2:58
Joe Finley 0 1 1 2 4 0 0 1 0 0 0/0 12:33 0:00 0:00
Marcus Foligno 0 0 0 -1 0 0 0 0 0 0 0/0 5:55 0:00 0:00
Martin Hanzal 1 0 1 1 0 4 3 0 0 0 12/26 20:27 2:25 3:36
Nick Leddy 0 0 0 -2 0 2 0 1 0 0 0/0 23:16 3:00 2:59
Paul Ranger 0 2 2 1 0 0 3 2 1 2 0/0 26:40 3:00 2:58
Riley Armstrong 1 3 4 1 0 6 1 1 0 0 5/12 19:06 2:09 1:14
Roman Cervenka 0 0 0 1 0 0 1 1 0 0 3/8 14:12 0:18 0:00
Roman Horak 0 0 0 -1 0 1 1 0 0 0 1/2 6:16 0:00 0:21
Valeri Bure 1 2 3 1 2 2 4 0 0 0 0/0 18:47 2:09 0:36
3 Stars
1 - Riley Armstrong (Out)
2 - Valeri Bure (Out)
3 - Ben Eager (Out)
Power Play
Knights - 0 on 3 Attempt(s) - 0,00%
Scraper - 1 on 3 Attempt(s) - 33,33%
Penalty Kill
Knights - 2 on 3 Attempt(s) - 66,67%
- Score 0 goal in Penalty Kill
Scraper - 3 on 3 Attempt(s) - 100,00%
- Score 0 goal in Penalty Kill
Official
Referees : Kowal Tom and O'Rourke Dan
Linesman : Thor Nelson and Andy McElman
Game Notes
No Game Note
Knights
5 vs 5 Forward
Center Left Wing Right Wing Time % Phy DF OF
1 Zack Hamill Mats Zuccarello Eric Fehr 40 1 2 2
2 Joe Colborne Kyle Greentree Nick Palmieri 30 1 2 2
3 James Wright Colton Gillies Gustav Nyquist 20 1 2 2
4 Danny Irmen A.J. Jenks Carter Ashton 10 2 1 2
5 vs 5 Defense
Defense Defense Time % Phy DF OF
1 Garnet Exelby Eric Gelinas 40 2 2 1
2 Nicklas Grossman Marco Scandella 30 2 2 1
3 Nikita Nikitin Tomas Kundratek 20 2 2 1
4 Nicklas Grossman Eric Gelinas 10 1 3 1
PowerPlay Forward
Center Left Wing Right Wing Time % Phy DF OF
1 Zack Hamill Mats Zuccarello Gustav Nyquist 60 1 1 3
2 James Wright Eric Fehr Nick Palmieri 40 1 1 3
PowerPlay Defense
Defense Defense Time % Phy DF OF
1 Eric Gelinas Marco Scandella 60 1 1 3
2 Garnet Exelby Tomas Kundratek 40 1 1 3
Penalty Kill 4 Players Forward
Center Wing Time % Phy DF OF
1 James Wright Kyle Greentree 60 1 3 1
2 Nick Palmieri Danny Irmen 40 1 3 1
Penalty Kill 4 Players Defense
Defense Defense Time % Phy DF OF
1 Garnet Exelby Marco Scandella 60 1 2 2
2 Eric Gelinas Tomas Kundratek 40 1 3 1
Penalty Kill - 3 Players Forward
Forward Time % Phy DF OF
1 Nick Palmieri 60 0 4 1
2 Kyle Greentree 40 0 4 1
Penalty Kill - 3 Players Defense
Defense Defense Time % Phy DF OF
1 Garnet Exelby Marco Scandella 60 1 4 0
2 Eric Gelinas Tomas Kundratek 40 1 4 0
4 vs 4 Forward
Center Wing Time % Phy DF OF
1 Zack Hamill Eric Fehr 60 1 2 2
2 Gustav Nyquist Mats Zuccarello 40 1 2 2
4 vs 4 Defense
Defense Defense Time % Phy DF OF
1 Garnet Exelby Eric Gelinas 60 1 2 2
2 Tomas Kundratek Marco Scandella 40 1 2 2
Last Minutes Offensive
Center Left Wing Right Wing Defense Defense
Zack Hamill Mats Zuccarello Eric Fehr Garnet Exelby Marco Scandella
Last Minutes Defensive
Center Left Wing Right Wing Defense Defense
James Wright Kyle Greentree Nick Palmieri Garnet Exelby Eric Gelinas
Goaltenders
Starting : Jean-Francois Berube
Backup : Dany Sabourin
Extra Forwards
Normal : Kyle Greentree, Nick Palmieri, Gustav Nyquist - PP : Kyle Greentree, Nick Palmieri - PK : Gustav Nyquist
Extra Defensemen
Normal : Marco Scandella, Eric Gelinas, Tomas Kundratek - PP : Marco Scandella - PK : Eric Gelinas, Tomas Kundratek
Penalty Shots
Nick Palmieri, Gustav Nyquist, Zack Hamill, James Wright, Kyle Greentree
Scraper
5 vs 5 Forward
Center Left Wing Right Wing Time % Phy DF OF
1 Martin Hanzal Evander Kane Alexander Radulov 40 1 2 2
2 Riley Armstrong Ben Eager Valeri Bure 30 1 2 2
3 Roman Cervenka Daniel Winnik Eric Godard 25 1 2 2
4 Roman Horak Marcus Foligno Alexander Radulov 5 1 2 2
5 vs 5 Defense
Defense Defense Time % Phy DF OF
1 Paul Ranger Jared Cowen 40 1 2 2
2 Derek Joslin Nick Leddy 30 1 2 2
3 Joe Finley Ilkka Heikkinen 20 1 2 2
4 Paul Ranger Jared Cowen 10 1 2 2
PowerPlay Forward
Center Left Wing Right Wing Time % Phy DF OF
1 Martin Hanzal Evander Kane Alexander Radulov 60 1 2 2
2 Riley Armstrong Daniel Winnik Valeri Bure 40 1 2 2
PowerPlay Defense
Defense Defense Time % Phy DF OF
1 Paul Ranger Nick Leddy 60 1 2 2
2 Derek Joslin Ilkka Heikkinen 40 1 2 2
Penalty Kill 4 Players Forward
Center Wing Time % Phy DF OF
1 Alexander Radulov Martin Hanzal 60 1 2 2
2 Riley Armstrong Valeri Bure 40 1 2 2
Penalty Kill 4 Players Defense
Defense Defense Time % Phy DF OF
1 Paul Ranger Jared Cowen 60 1 2 2
2 Nick Leddy Derek Joslin 40 1 2 2
Penalty Kill - 3 Players Forward
Forward Time % Phy DF OF
1 Alexander Radulov 60 1 2 2
2 Martin Hanzal 40 1 2 2
Penalty Kill - 3 Players Defense
Defense Defense Time % Phy DF OF
1 Paul Ranger Jared Cowen 60 1 2 2
2 Nick Leddy Derek Joslin 40 1 2 2
4 vs 4 Forward
Center Wing Time % Phy DF OF
1 Alexander Radulov Martin Hanzal 60 1 2 2
2 Riley Armstrong Valeri Bure 40 1 2 2
4 vs 4 Defense
Defense Defense Time % Phy DF OF
1 Paul Ranger Jared Cowen 60 1 2 2
2 Derek Joslin Ilkka Heikkinen 40 1 2 2
Last Minutes Offensive
Center Left Wing Right Wing Defense Defense
Martin Hanzal Evander Kane Alexander Radulov Paul Ranger Nick Leddy
Last Minutes Defensive
Center Left Wing Right Wing Defense Defense
Martin Hanzal Ben Eager Alexander Radulov Jared Cowen Paul Ranger
Goaltenders
Starting : Maxime Ouellet
Backup : Justin Peters
Extra Forwards
Normal : Evander Kane, Roman Cervenka, Eric Godard - PP : Evander Kane, Roman Cervenka - PK : Eric Godard
Extra Defensemen
Normal : Eric Gryba, Jared Cowen, Nick Leddy - PP : Eric Gryba - PK : Jared Cowen, Nick Leddy
Penalty Shots
Alexander Radulov, Martin Hanzal, Riley Armstrong, Valeri Bure, Ben Eager
% Time on Ice - Knights
Lines # - Real PCT - Wanted PCT - Time Play
Normal Forward
1 - 32% - 40% - 15:44
2 - 29% - 30% - 14:03
3 - 22% - 20% - 10:36
4 - 18% - 10% - 8:38
Normal Defense
1 - 36% - 40% - 17:50
2 - 33% - 30% - 15:57
3 - 26% - 20% - 12:44
4 - 5% - 10% - 2:30
PP Forward
1 - 59% - 60% - 3:30
2 - 41% - 40% - 2:27
PP Defense
1 - 53% - 60% - 3:08
2 - 47% - 40% - 2:49
PK Forward
1 - 71% - 60% - 3:17
2 - 29% - 40% - 1:20
PK Defense
1 - 79% - 60% - 3:40
2 - 21% - 40% - 0:57
PK3 Forward
1 - 0% - 60%
2 - 0% - 40%
PK3 Defense
1 - 0% - 60%
2 - 0% - 40%
44 Forward
1 - 0% - 60%
2 - 0% - 40%
44 Defense
1 - 0% - 60%
2 - 0% - 40%
Last Minute Offensive - 0:25
Last Minute Defensive - 0:00
Total
Forward - 60:00
Defense - 60:00
|
% Time on Ice - Scraper
Lines # - Real PCT - Wanted PCT - Time Play
Normal Forward
1 - 29% - 40% - 14:25
2 - 32% - 30% - 15:43
3 - 27% - 25% - 13:01
4 - 12% - 5% - 5:55
Normal Defense
1 - 39% - 40% - 18:57
2 - 34% - 30% - 16:52
3 - 23% - 20% - 11:30
4 - 4% - 10% - 1:45
PP Forward
1 - 53% - 60% - 2:28
2 - 47% - 40% - 2:09
PP Defense
1 - 65% - 60% - 3:00
2 - 35% - 40% - 1:37
PK Forward
1 - 79% - 60% - 4:43
2 - 21% - 40% - 1:14
PK Defense
1 - 50% - 60% - 2:58
2 - 50% - 40% - 2:59
PK3 Forward
1 - 0% - 60%
2 - 0% - 40%
PK3 Defense
1 - 0% - 60%
2 - 0% - 40%
44 Forward
1 - 0% - 60%
2 - 0% - 40%
44 Defense
1 - 0% - 60%
2 - 0% - 40%
Last Minute Offensive - 0:00
Last Minute Defensive - 0:22
Total
Forward - 60:00
Defense - 60:00
|
Play by Play
1st period
0:01 of 1st period - Zack Hamill wins face-off versus Martin Hanzal in neutral zone.
0:08 of 1st period - Snap shot by Mats Zuccarello.
0:08 of 1st period - Shot Blocked by Evander Kane.
0:10 of 1st period - Snap shot by Zack Hamill.
0:10 of 1st period - Stopped by Maxime Ouellet without a rebound.
0:11 of 1st period - Riley Armstrong wins face-off versus Joe Colborne in Scraper zone.
0:20 of 1st period - Snap shot by Valeri Bure.
0:20 of 1st period - Shot Misses the Net.
1:11 of 1st period - Wrist shot by Daniel Winnik.
1:11 of 1st period - Shot Misses the Net.
1:13 of 1st period - Snap shot by Daniel Winnik.
1:13 of 1st period - Stopped by Jean-Francois Berube without a rebound.
1:14 of 1st period - Martin Hanzal wins face-off versus Danny Irmen in Knights zone.
1:21 of 1st period - Slapshot by Martin Hanzal.
1:21 of 1st period - Stopped by Jean-Francois Berube with a rebound.
1:39 of 1st period - Tomas Kundratek is hit by Daniel Winnik and loses puck.
2:04 of 1st period - Alexander Radulov is hit by Joe Colborne and loses puck.
2:30 of 1st period - Wrist shot by James Wright.
2:30 of 1st period - Deflect By Riley Armstrong.
2:30 of 1st period - Shot Blocked by Joe Finley.
2:30 of 1st period - Puck is out of play.
2:31 of 1st period - Riley Armstrong wins face-off versus Zack Hamill in Scraper zone.
2:42 of 1st period - Snap shot by Eric Fehr.
2:42 of 1st period - Deflect By Valeri Bure.
2:42 of 1st period - Stopped by Maxime Ouellet without a rebound.
2:43 of 1st period - Joe Colborne wins face-off versus Martin Hanzal in Scraper zone.
2:46 of 1st period - Wrist shot by Nick Palmieri.
2:46 of 1st period - Stopped by Maxime Ouellet without a rebound.
2:47 of 1st period - Joe Colborne wins face-off versus Martin Hanzal in Scraper zone.
2:50 of 1st period - Slapshot by Kyle Greentree.
2:50 of 1st period - Shot Misses the Net.
3:18 of 1st period - Wrist shot by Eric Fehr.
3:18 of 1st period - Stopped by Maxime Ouellet with a rebound.
3:20 of 1st period - Snap shot by Eric Fehr.
3:20 of 1st period - Shot Misses the Net.
4:03 of 1st period - Snap shot by Ilkka Heikkinen.
4:03 of 1st period - Deflect By Alexander Radulov.
4:03 of 1st period - Shot Blocked by Tomas Kundratek.
4:03 of 1st period - Puck is out of play.
4:04 of 1st period - Martin Hanzal wins face-off versus Zack Hamill in Knights zone.
4:19 of 1st period - Slapshot by Zack Hamill.
4:19 of 1st period - Shot Misses the Net.
4:41 of 1st period - Daniel Winnik is hit by Garnet Exelby and loses puck.
5:22 of 1st period - Slapshot by Danny Irmen.
5:22 of 1st period - Shot Blocked by Paul Ranger.
5:56 of 1st period - Slapshot by Garnet Exelby.
5:56 of 1st period - Shot Blocked by Riley Armstrong.
5:58 of 1st period - Wrist shot by Eric Gelinas.
5:58 of 1st period - Deflect By Gustav Nyquist.
5:58 of 1st period - Shot Misses the Net.
5:58 of 1st period - Puck is out of play.
5:59 of 1st period - Zack Hamill wins face-off versus Riley Armstrong in Scraper zone.
6:32 of 1st period - Nicklas Grossman is hit by Ben Eager.
6:48 of 1st period - Slapshot by Ben Eager.
6:48 of 1st period - Stopped by Jean-Francois Berube without a rebound.
6:49 of 1st period - Martin Hanzal wins face-off versus Joe Colborne in Knights zone.
7:03 of 1st period - Icing by Paul Ranger.
7:04 of 1st period - Zack Hamill wins face-off versus Martin Hanzal in Scraper zone.
7:50 of 1st period - Wrist shot by Riley Armstrong.
7:50 of 1st period - Stopped by Jean-Francois Berube with a rebound.
8:26 of 1st period - Backhand shot by Gustav Nyquist.
8:26 of 1st period - Shot Blocked by Nick Leddy.
8:44 of 1st period - Wrist shot by Riley Armstrong.
8:44 of 1st period - Stopped by Jean-Francois Berube without a rebound.
8:45 of 1st period - Martin Hanzal wins face-off versus Zack Hamill in Knights zone.
9:11 of 1st period - Garnet Exelby is hit by Roman Cervenka and loses puck.
10:04 of 1st period - Snap shot by Mats Zuccarello.
10:04 of 1st period - Deflect By Martin Hanzal.
10:04 of 1st period - Shot Misses the Net.
10:04 of 1st period - Puck is out of play.
10:05 of 1st period - Kyle Greentree wins face-off versus Martin Hanzal in Scraper zone.
10:12 of 1st period - Snap shot by Nick Palmieri.
10:12 of 1st period - Deflect By Kyle Greentree.
10:12 of 1st period - Stopped by Maxime Ouellet without a rebound.
10:13 of 1st period - Alexander Radulov wins face-off versus Zack Hamill in Scraper zone.
10:42 of 1st period - Snap shot by Nick Palmieri.
10:42 of 1st period - Shot Misses the Net.
10:44 of 1st period - Backhand shot by Joe Colborne.
10:44 of 1st period - Stopped by Maxime Ouellet with a rebound.
10:46 of 1st period - Wrist shot by Kyle Greentree.
10:46 of 1st period - Shot Hit the Post.
11:00 of 1st period - Wrist shot by Gustav Nyquist.
11:00 of 1st period - Stopped by Maxime Ouellet with a rebound.
12:10 of 1st period - Minor Penalty to Valeri Bure for Holding.
12:11 of 1st period - Zack Hamill wins face-off versus Martin Hanzal in Scraper zone.
12:11 of 1st period - Snap shot by Mats Zuccarello.
12:11 of 1st period - Stopped by Maxime Ouellet without a rebound.
12:12 of 1st period - Zack Hamill wins face-off versus Alexander Radulov in Scraper zone.
12:17 of 1st period - Snap shot by Mats Zuccarello.
12:17 of 1st period - Shot Misses the Net.
13:56 of 1st period - Eric Fehr is hit by Martin Hanzal.
14:10 of 1st period - Penalty to Valeri Bure is over, Valeri Bure is back on ice.
14:17 of 1st period - Eric Godard is hit by Carter Ashton and loses puck.
14:28 of 1st period - Slapshot by Danny Irmen.
14:28 of 1st period - Deflect By A.J. Jenks.
14:28 of 1st period - Stopped by Maxime Ouellet with a rebound.
14:40 of 1st period - Ilkka Heikkinen is hit by Marco Scandella and loses puck.
14:51 of 1st period - Danny Irmen is hit by Valeri Bure and loses puck.
14:58 of 1st period - Wrist shot by Ben Eager.
14:58 of 1st period - Stopped by Jean-Francois Berube with a rebound.
15:00 of 1st period - Slapshot by Riley Armstrong.
15:00 of 1st period - Stopped by Jean-Francois Berube with a rebound.
15:10 of 1st period - Derek Joslin is hit by Kyle Greentree and loses puck.
17:01 of 1st period - Minor Penalty to Colton Gillies for Cross-checking.
17:02 of 1st period - Martin Hanzal wins face-off versus James Wright in Knights zone.
17:29 of 1st period - Marco Scandella is hit by Valeri Bure and loses puck.
17:44 of 1st period - Snap shot by Nick Palmieri.
17:44 of 1st period - Shot Blocked by Evander Kane.
17:46 of 1st period - Wrist shot by Danny Irmen.
17:46 of 1st period - Stopped by Maxime Ouellet with a rebound.
18:30 of 1st period - Riley Armstrong is hit by Gustav Nyquist and loses puck.
18:56 of 1st period - Nick Palmieri is hit by Paul Ranger and loses puck.
19:01 of 1st period - Penalty to Colton Gillies is over, Colton Gillies is back on ice.
19:09 of 1st period - Wrist shot by Danny Irmen.
19:09 of 1st period - Shot Blocked by Paul Ranger.
19:24 of 1st period - Icing by Nick Palmieri.
19:25 of 1st period - Roman Cervenka wins face-off versus Nick Palmieri in Knights zone.
19:34 of 1st period - Wrist shot by Ben Eager.
19:34 of 1st period - Shot Blocked by Tomas Kundratek.
19:36 of 1st period - Wrist shot by Joe Finley.
19:36 of 1st period - Shot Misses the Net.
19:38 of 1st period - Snap shot by Eric Godard.
19:38 of 1st period - Goal by Eric Godard - Knights : 0 - Scraper : 1.
19:39 of 1st period - Martin Hanzal wins face-off versus Zack Hamill in neutral zone.
19:42 of 1st period - Zack Hamill is hit by Martin Hanzal and loses puck.
Goals for this period are 0 for Knights vs 1 for Scraper.
Shots for this period are 10 for Knights vs 8 for Scraper.
2nd period
0:01 of 2nd period - Eric Fehr wins face-off versus Martin Hanzal in neutral zone.
0:12 of 2nd period - Snap shot by Evander Kane.
0:12 of 2nd period - Stopped by Jean-Francois Berube without a rebound.
0:13 of 2nd period - Zack Hamill wins face-off versus Martin Hanzal in Knights zone.
0:15 of 2nd period - Minor Penalty to Eric Fehr for Interference.
0:16 of 2nd period - Martin Hanzal wins face-off versus James Wright in Knights zone.
0:18 of 2nd period - Snap shot by Alexander Radulov.
0:18 of 2nd period - Stopped by Jean-Francois Berube without a rebound.
0:19 of 2nd period - James Wright wins face-off versus Martin Hanzal in Knights zone.
0:54 of 2nd period - Slapshot by Riley Armstrong.
0:54 of 2nd period - Goal by Riley Armstrong - Knights : 0 - Scraper : 2.
0:55 of 2nd period - Zack Hamill wins face-off versus Martin Hanzal in neutral zone.
1:06 of 2nd period - Wrist shot by Mats Zuccarello.
1:06 of 2nd period - Shot Misses the Net.
1:08 of 2nd period - Snap shot by Mats Zuccarello.
1:08 of 2nd period - Shot Misses the Net.
1:10 of 2nd period - Snap shot by Garnet Exelby.
1:10 of 2nd period - Stopped by Maxime Ouellet with a rebound.
1:20 of 2nd period - Eric Gelinas is hit by Valeri Bure and loses puck.
1:27 of 2nd period - Wrist shot by Riley Armstrong.
1:27 of 2nd period - Deflect By Garnet Exelby.
1:27 of 2nd period - Stopped by Jean-Francois Berube without a rebound.
1:28 of 2nd period - Martin Hanzal wins face-off versus Zack Hamill in Knights zone.
3:13 of 2nd period - Icing by Daniel Winnik.
3:14 of 2nd period - Zack Hamill wins face-off versus Roman Cervenka in Scraper zone.
4:12 of 2nd period - Snap shot by Danny Irmen.
4:12 of 2nd period - Stopped by Maxime Ouellet with a rebound.
4:14 of 2nd period - Slapshot by Marco Scandella.
4:14 of 2nd period - Shot Blocked by Roman Cervenka.
4:18 of 2nd period - Wrist shot by Danny Irmen.
4:18 of 2nd period - Stopped by Maxime Ouellet with a rebound.
4:20 of 2nd period - Snap shot by Nicklas Grossman.
4:20 of 2nd period - Stopped by Maxime Ouellet without a rebound.
4:21 of 2nd period - Zack Hamill wins face-off versus Martin Hanzal in Scraper zone.
4:28 of 2nd period - Wrist shot by Zack Hamill.
4:28 of 2nd period - Stopped by Maxime Ouellet with a rebound.
4:30 of 2nd period - Wrist shot by Mats Zuccarello.
4:30 of 2nd period - Stopped by Maxime Ouellet with a rebound.
4:32 of 2nd period - Snap shot by Eric Fehr.
4:32 of 2nd period - Stopped by Maxime Ouellet without a rebound.
4:33 of 2nd period - Zack Hamill wins face-off versus Martin Hanzal in Scraper zone.
4:58 of 2nd period - Valeri Bure is hit by Kyle Greentree and loses puck.
6:14 of 2nd period - A.J. Jenks is hit by Roman Horak and loses puck.
6:19 of 2nd period - Wrist shot by Marcus Foligno.
6:19 of 2nd period - Shot Misses the Net.
6:37 of 2nd period - Slapshot by Marco Scandella.
6:37 of 2nd period - Shot Blocked by Alexander Radulov.
6:49 of 2nd period - Snap shot by Danny Irmen.
6:49 of 2nd period - Stopped by Maxime Ouellet with a rebound.
7:01 of 2nd period - Wrist shot by Riley Armstrong.
7:01 of 2nd period - Stopped by Jean-Francois Berube with a rebound.
7:03 of 2nd period - Snap shot by Ben Eager.
7:03 of 2nd period - Goal by Ben Eager - Knights : 0 - Scraper : 3.
7:04 of 2nd period - Mats Zuccarello wins face-off versus Riley Armstrong in neutral zone.
7:50 of 2nd period - Snap shot by Colton Gillies.
7:50 of 2nd period - Shot Misses the Net.
7:52 of 2nd period - Slapshot by Garnet Exelby.
7:52 of 2nd period - Shot Misses the Net.
7:54 of 2nd period - Slapshot by Garnet Exelby.
7:54 of 2nd period - Stopped by Maxime Ouellet with a rebound.
7:56 of 2nd period - Slapshot by Garnet Exelby.
7:56 of 2nd period - Goal by Garnet Exelby - Knights : 1 - Scraper : 3.
7:57 of 2nd period - Martin Hanzal wins face-off versus Mats Zuccarello in neutral zone.
9:26 of 2nd period - Derek Joslin is hit by Nikita Nikitin.
9:48 of 2nd period - Slapshot by Kyle Greentree.
9:48 of 2nd period - Shot Misses the Net.
9:50 of 2nd period - Backhand shot by Marco Scandella.
9:50 of 2nd period - Stopped by Maxime Ouellet with a rebound.
9:52 of 2nd period - Snap shot by Marco Scandella.
9:52 of 2nd period - Stopped by Maxime Ouellet with a rebound.
9:54 of 2nd period - Backhand shot by Marco Scandella.
9:54 of 2nd period - Stopped by Maxime Ouellet with a rebound.
9:56 of 2nd period - Snap shot by Kyle Greentree.
9:56 of 2nd period - Stopped by Maxime Ouellet with a rebound.
10:18 of 2nd period - Eric Godard is hit by James Wright and loses puck.
10:35 of 2nd period - Snap shot by Alexander Radulov.
10:35 of 2nd period - Stopped by Jean-Francois Berube without a rebound.
10:36 of 2nd period - Zack Hamill wins face-off versus Martin Hanzal in Knights zone.
10:36 of 2nd period - Zack Hamill is hit by Paul Ranger.
10:58 of 2nd period - Slapshot by Evander Kane.
10:58 of 2nd period - Stopped by Jean-Francois Berube with a rebound.
11:00 of 2nd period - Snap shot by Evander Kane.
11:00 of 2nd period - Shot Blocked by Nicklas Grossman.
11:02 of 2nd period - Slapshot by Nick Leddy.
11:02 of 2nd period - Stopped by Jean-Francois Berube with a rebound.
11:04 of 2nd period - Wrist shot by Martin Hanzal.
11:04 of 2nd period - Stopped by Jean-Francois Berube with a rebound.
11:06 of 2nd period - Snap shot by Evander Kane.
11:06 of 2nd period - Shot Blocked by Nicklas Grossman.
11:12 of 2nd period - Wrist shot by Martin Hanzal.
11:12 of 2nd period - Shot Misses the Net.
11:16 of 2nd period - Snap shot by Alexander Radulov.
11:16 of 2nd period - Deflect By Martin Hanzal.
11:16 of 2nd period - Shot Blocked by Eric Fehr.
11:16 of 2nd period - Puck is out of play.
11:17 of 2nd period - Riley Armstrong wins face-off versus Joe Colborne in Knights zone.
11:28 of 2nd period - Wrist shot by Riley Armstrong.
11:28 of 2nd period - Shot Misses the Net.
11:34 of 2nd period - Riley Armstrong is hit by Eric Gelinas and loses puck.
11:51 of 2nd period - Wrist shot by Alexander Radulov.
11:51 of 2nd period - Shot Blocked by Eric Gelinas.
12:34 of 2nd period - Icing by Carter Ashton.
12:35 of 2nd period - Joe Colborne wins face-off versus Roman Horak in Knights zone.
12:42 of 2nd period - Slapshot by Marcus Foligno.
12:42 of 2nd period - Deflect By Alexander Radulov.
12:42 of 2nd period - Shot Misses the Net.
12:42 of 2nd period - Puck is out of play.
12:43 of 2nd period - Zack Hamill wins face-off versus Riley Armstrong in Knights zone.
12:43 of 2nd period - Zack Hamill is hit by Valeri Bure.
12:51 of 2nd period - Snap shot by Valeri Bure.
12:51 of 2nd period - Stopped by Jean-Francois Berube with a rebound.
12:53 of 2nd period - Slapshot by Paul Ranger.
12:53 of 2nd period - Deflect By Valeri Bure.
12:53 of 2nd period - Goal by Valeri Bure - Knights : 1 - Scraper : 4.
12:54 of 2nd period - Martin Hanzal wins face-off versus Zack Hamill in neutral zone.
13:09 of 2nd period - Snap shot by Mats Zuccarello.
13:09 of 2nd period - Stopped by Maxime Ouellet with a rebound.
13:19 of 2nd period - Paul Ranger is hit by Kyle Greentree and loses puck.
13:35 of 2nd period - Icing by Derek Joslin.
13:36 of 2nd period - Roman Cervenka wins face-off versus James Wright in Scraper zone.
13:45 of 2nd period - Slapshot by Eric Godard.
13:45 of 2nd period - Shot Misses the Net.
13:47 of 2nd period - Slapshot by Nick Leddy.
13:47 of 2nd period - Deflect By Eric Gelinas.
13:47 of 2nd period - Stopped by Jean-Francois Berube with a rebound.
13:49 of 2nd period - Backhand shot by Derek Joslin.
13:49 of 2nd period - Stopped by Jean-Francois Berube with a rebound.
13:51 of 2nd period - Snap shot by Derek Joslin.
13:51 of 2nd period - Stopped by Jean-Francois Berube without a rebound.
13:52 of 2nd period - Zack Hamill wins face-off versus Martin Hanzal in Knights zone.
13:52 of 2nd period - Zack Hamill is hit by Evander Kane.
13:55 of 2nd period - Minor Penalty to Garnet Exelby for Interference.
13:56 of 2nd period - Kyle Greentree wins face-off versus Evander Kane in Knights zone.
15:55 of 2nd period - Penalty to Garnet Exelby is over, Garnet Exelby is back on ice.
16:06 of 2nd period - Ilkka Heikkinen is hit by Nikita Nikitin and loses puck.
16:57 of 2nd period - Icing by Nicklas Grossman.
16:58 of 2nd period - James Wright wins face-off versus Roman Cervenka in Knights zone.
17:13 of 2nd period - Zack Hamill is hit by Daniel Winnik and loses puck.
17:41 of 2nd period - Off-side.
17:42 of 2nd period - Martin Hanzal wins face-off versus Danny Irmen in neutral zone.
18:33 of 2nd period - Minor Penalty to Joe Finley for Holding.
18:34 of 2nd period - Zack Hamill wins face-off versus Alexander Radulov in Scraper zone.
19:28 of 2nd period - Slapshot by Derek Joslin.
19:28 of 2nd period - Stopped by Jean-Francois Berube without a rebound.
19:29 of 2nd period - Eric Godard wins face-off versus Zack Hamill in Knights zone.
19:36 of 2nd period - Snap shot by Ben Eager.
19:36 of 2nd period - Shot Blocked by Zack Hamill.
19:58 of 2nd period - Derek Joslin is hit by Eric Fehr and loses puck.
Goals for this period are 1 for Knights vs 3 for Scraper.
Shots for this period are 15 for Knights vs 16 for Scraper.
3rd period
0:01 of 3rd period - Alexander Radulov wins face-off versus Zack Hamill in neutral zone.
0:33 of 3rd period - Penalty to Joe Finley is over, Joe Finley is back on ice.
0:39 of 3rd period - Riley Armstrong is hit by Nick Palmieri and loses puck.
1:09 of 3rd period - Off-side.
1:10 of 3rd period - Joe Colborne wins face-off versus Roman Cervenka in neutral zone.
1:15 of 3rd period - Backhand shot by Tomas Kundratek.
1:15 of 3rd period - Stopped by Maxime Ouellet with a rebound.
1:17 of 3rd period - Wrist shot by Nick Palmieri.
1:17 of 3rd period - Shot Misses the Net.
1:23 of 3rd period - Snap shot by Kyle Greentree.
1:23 of 3rd period - Shot Blocked by Jared Cowen.
2:05 of 3rd period - Riley Armstrong is hit by Gustav Nyquist.
2:21 of 3rd period - Slapshot by Garnet Exelby.
2:21 of 3rd period - Shot Misses the Net.
2:23 of 3rd period - Snap shot by Carter Ashton.
2:23 of 3rd period - Shot Misses the Net.
2:25 of 3rd period - Slapshot by Eric Gelinas.
2:25 of 3rd period - Shot Blocked by Daniel Winnik.
2:39 of 3rd period - Wrist shot by Derek Joslin.
2:39 of 3rd period - Deflect By Roman Horak.
2:39 of 3rd period - Stopped by Jean-Francois Berube without a rebound.
2:40 of 3rd period - Roman Horak wins face-off versus Joe Colborne in Knights zone.
2:47 of 3rd period - Marco Scandella is hit by Paul Ranger and loses puck.
3:02 of 3rd period - Snap shot by Alexander Radulov.
3:02 of 3rd period - Shot Blocked by Kyle Greentree.
3:12 of 3rd period - Snap shot by Kyle Greentree.
3:12 of 3rd period - Shot Misses the Net.
3:25 of 3rd period - Nick Leddy is hit by Joe Colborne.
3:45 of 3rd period - Snap shot by Kyle Greentree.
3:45 of 3rd period - Goal by Kyle Greentree - Knights : 2 - Scraper : 4.
3:46 of 3rd period - Zack Hamill wins face-off versus Riley Armstrong in neutral zone.
5:06 of 3rd period - Icing by Nikita Nikitin.
5:07 of 3rd period - Roman Cervenka wins face-off versus James Wright in Knights zone.
5:36 of 3rd period - Wrist shot by Mats Zuccarello.
5:36 of 3rd period - Shot Misses the Net.
5:41 of 3rd period - Icing by Ben Eager.
5:42 of 3rd period - Riley Armstrong wins face-off versus Joe Colborne in Scraper zone.
6:09 of 3rd period - Snap shot by Martin Hanzal.
6:09 of 3rd period - Shot Blocked by Garnet Exelby.
7:03 of 3rd period - Alexander Radulov is hit by Marco Scandella and loses puck.
7:20 of 3rd period - Wrist shot by Ben Eager.
7:20 of 3rd period - Stopped by Jean-Francois Berube with a rebound.
7:22 of 3rd period - Slapshot by Jared Cowen.
7:22 of 3rd period - Shot Blocked by Nick Palmieri.
7:24 of 3rd period - Snap shot by Ben Eager.
7:24 of 3rd period - Stopped by Jean-Francois Berube with a rebound.
7:26 of 3rd period - Snap shot by Ben Eager.
7:26 of 3rd period - Shot Misses the Net.
7:42 of 3rd period - Slapshot by Mats Zuccarello.
7:42 of 3rd period - Shot Blocked by Ilkka Heikkinen.
8:34 of 3rd period - Martin Hanzal is hit by Kyle Greentree and loses puck.
9:01 of 3rd period - Tomas Kundratek is hit by Ben Eager and loses puck.
9:12 of 3rd period - Jared Cowen is hit by Gustav Nyquist and loses puck.
9:27 of 3rd period - Nick Leddy is hit by Tomas Kundratek and loses puck.
9:34 of 3rd period - Snap shot by Danny Irmen.
9:34 of 3rd period - Shot Blocked by Derek Joslin.
9:36 of 3rd period - Slapshot by Tomas Kundratek.
9:36 of 3rd period - Goal by Tomas Kundratek - Knights : 3 - Scraper : 4.
9:37 of 3rd period - Zack Hamill wins face-off versus Evander Kane in neutral zone.
10:13 of 3rd period - Wrist shot by Zack Hamill.
10:13 of 3rd period - Shot Misses the Net.
10:15 of 3rd period - Slapshot by Garnet Exelby.
10:15 of 3rd period - Deflect By Mats Zuccarello.
10:15 of 3rd period - Shot Misses the Net.
10:15 of 3rd period - Puck is out of play.
10:16 of 3rd period - Martin Hanzal wins face-off versus Joe Colborne in Scraper zone.
11:07 of 3rd period - Snap shot by Garnet Exelby.
11:07 of 3rd period - Stopped by Maxime Ouellet with a rebound.
11:15 of 3rd period - Gustav Nyquist is hit by Evander Kane and loses puck.
11:32 of 3rd period - Snap shot by Martin Hanzal.
11:32 of 3rd period - Stopped by Jean-Francois Berube without a rebound.
11:33 of 3rd period - Zack Hamill wins face-off versus Riley Armstrong in Knights zone.
11:45 of 3rd period - Off-side.
11:46 of 3rd period - Riley Armstrong wins face-off versus Mats Zuccarello in neutral zone.
12:12 of 3rd period - Daniel Winnik is hit by Kyle Greentree and loses puck.
12:35 of 3rd period - Slapshot by Paul Ranger.
12:35 of 3rd period - Shot Blocked by Colton Gillies.
12:37 of 3rd period - Slapshot by Jared Cowen.
12:37 of 3rd period - Shot Blocked by James Wright.
13:19 of 3rd period - Minor Penalty to Joe Finley for Cross-checking.
13:20 of 3rd period - Zack Hamill wins face-off versus Alexander Radulov in Scraper zone.
13:51 of 3rd period - Slapshot by Marco Scandella.
13:51 of 3rd period - Deflect By Nick Palmieri.
13:51 of 3rd period - Stopped by Maxime Ouellet with a rebound.
15:12 of 3rd period - Colton Gillies is hit by Martin Hanzal.
15:16 of 3rd period - Derek Joslin is hit by Kyle Greentree and loses puck.
15:19 of 3rd period - Penalty to Joe Finley is over, Joe Finley is back on ice.
16:07 of 3rd period - Eric Fehr is hit by Riley Armstrong.
16:19 of 3rd period - Icing by Jared Cowen.
16:20 of 3rd period - Gustav Nyquist wins face-off versus Riley Armstrong in Scraper zone.
16:31 of 3rd period - Wrist shot by Danny Irmen.
16:31 of 3rd period - Stopped by Maxime Ouellet without a rebound.
16:32 of 3rd period - James Wright wins face-off versus Roman Cervenka in Scraper zone.
17:02 of 3rd period - Icing by Riley Armstrong.
17:03 of 3rd period - Zack Hamill wins face-off versus Riley Armstrong in Scraper zone.
17:28 of 3rd period - Joe Finley is hit by Kyle Greentree and loses puck.
18:51 of 3rd period - Backhand shot by Riley Armstrong.
18:51 of 3rd period - Shot Misses the Net.
18:53 of 3rd period - Snap shot by Martin Hanzal.
18:53 of 3rd period - Deflect By Alexander Radulov.
18:53 of 3rd period - Stopped by Jean-Francois Berube with a rebound.
18:55 of 3rd period - Wrist shot by Martin Hanzal.
18:55 of 3rd period - Shot Misses the Net.
18:57 of 3rd period - Snap shot by Martin Hanzal.
18:57 of 3rd period - Shot Blocked by Tomas Kundratek.
19:07 of 3rd period - Wrist shot by Alexander Radulov.
19:07 of 3rd period - Shot Misses the Net.
19:09 of 3rd period - Slapshot by Martin Hanzal.
19:09 of 3rd period - Goal by Martin Hanzal - Knights : 3 - Scraper : 5.
19:10 of 3rd period - James Wright wins face-off versus Roman Cervenka in neutral zone.
19:21 of 3rd period - Backhand shot by Eric Godard.
19:21 of 3rd period - Shot Blocked by Gustav Nyquist.
Goals for this period are 2 for Knights vs 1 for Scraper.
Shots for this period are 6 for Knights vs 6 for Scraper.
Output by the SimonT Hockey Simulator (STHS) for François Prévost -- Original Page W3C XHTML 1.0 Valid